 Dungeon Crawl Stone Soup version 0.27.1-33-g824d729ab1 (webtiles) character file.

Game seed: 5432246377981881209

55897 belegose the Fighter (level 15, -1/127 HPs)
             Began as a Formicid Abyssal Knight on Dec 25, 2021.
             Was a High Priest of Lugonu.
             Slain by a spriggan rider (4 damage)
             ... on level 6 of the Lair of Beasts.
             The game lasted 01:00:53 (35835 turns).

belegose the Fighter (Formicid Abyssal Knight)     Turns: 35835, Time: 01:00:54

Health: -1/127     AC: 18    Str: 22    XL:     15   Next: 19%
Magic:  17/24      EV:  5    Int: 13    God:    Lugonu [*****.]
Gold:   1377       SH: 21    Dex: 10    Spells: 14/14 levels left

rFire    . . .     SeeInvis +   a - +4 battleaxe (freeze)
rCold    . . .     Faith    .   l - +2 tower shield
rNeg     . . .     Spirit   .   E - +2 plate armour {rPois}
rPois    +         Reflect  +   (helmet unavailable)
rElec    .         Harm     .   v - scarf {+Inv}
rCorr    .         Rampage  .   (no gloves)
Will     +....                  p - +0 pair of boots
Stlth    ..........             T - amulet of reflection
HPRegen  0.31/turn              (no ring)
MPRegen  0.19/turn              (no ring)

@: studying Fighting
A: permanent stasis, dig shafts and tunnels, antennae 3, four strong arms
a: Dig, Shaft Self, Renounce Religion, Evoke Invisibility, Depart the Abyss,
Bend Space, Banish, Corrupt, Enter the Abyss


You were on level 6 of the Lair of Beasts.
You worshipped Lugonu.
Lugonu was extremely pleased with you.
You visited 3 branches of the dungeon, and saw 19 of its levels.
You visited the Abyss 2 times.

You collected 1377 gold pieces.

Inventory:

Hand Weapons
 a - a +4 battleaxe of freezing (weapon)
 c - a +1 falchion of distortion
 Y - a +1 war axe of flaming
Missiles
 d - 25 boomerangs
 j - 102 bolts
 t - a throwing net
 y - 65 poisoned darts (quivered)
 R - 4 curare-tipped darts
Armour
 l - a +2 tower shield (worn)
 p - a +0 pair of boots (worn)
 v - a scarf of invisibility (worn)
 E - a +2 plate armour of poison resistance (worn)
 W - a +2 scale mail of fire resistance
Magical Staves
 U - a staff of cold
Jewellery
 m - a ring of fire
 J - a ring of ice
 T - an amulet of reflection (around neck)
Wands
 A - a wand of paralysis (7)
 H - a wand of iceblast (17)
 L - a wand of mindburst (21)
 N - a wand of flame (54)
 S - a wand of digging (6)
 X - a wand of polymorph (3)
 Z - a wand of acid (9)
Scrolls
 g - 3 scrolls of torment {unknown}
 h - 4 scrolls of immolation {unknown}
 i - 2 scrolls of magic mapping {unknown}
 k - a scroll of fog {unknown}
 o - 2 scrolls of brand weapon {unknown}
 x - 4 scrolls of blinking {unknown}
 z - 2 scrolls of vulnerability {unknown}
 F - a scroll of enchant armour {unknown}
 G - a scroll of holy word {unknown}
 I - 2 scrolls of amnesia {unknown}
 K - 2 scrolls of noise {unknown}
 P - a scroll of summoning {unknown}
 Q - 3 scrolls of enchant weapon {unknown}
Potions
 b - 2 potions of lignification
 e - a potion of resistance
 f - 7 potions of curing
 n - 6 potions of heal wounds
 q - a potion of brilliance
 r - 5 potions of might
 s - 3 potions of mutation
 u - a potion of flight
 B - 2 potions of magic
 C - 3 potions of cancellation
 V - a potion of invisibility
Miscellaneous
 w - a condenser vane
 M - a piece from Xom's chessboard (15/15)
 O - a phantom mirror


   Skills:
 + Level 14.4 Fighting
 + Level 10.7 Axes
 - Level 10.2 Throwing
 - Level 10.1 Armour
 - Level 5.0 Dodging
 + Level 4.5 Shields
 + Level 13.1 Invocations
 - Level 10.5 Evocations


You had 14 spell levels left.
You didn't know any spells.
Your spell library contained the following spells:

 Spells                   Type           Power      Damage    Failure   Level
 Animate Skeleton         Necr           0%         N/A       100%        1
 Apportation              Tloc           0%         N/A       100%        1
 Corona                   Hex            0%         N/A       100%        1
 Freeze                   Ice            0%         1d3       100%        1
 Shock                    Conj/Air       0%         1d3       100%        1
 Summon Small Mammal      Summ           0%         N/A       100%        1
 Frozen Ramparts          Ice            0%         1d2       100%        3
 Gell's Gravitas          Tloc           0%         N/A       100%        3
 Ozocubu's Armour         Ice            0%         N/A       100%        3
 Portal Projectile        Hex/Tloc       0%         N/A       100%        3
 Tukima's Dance           Hex            0%         N/A       100%        3
 Airstrike                Air            0%         N/A       100%        4
 Animate Dead             Necr           0%         N/A       100%        4
 Hailstorm                Conj/Ice       0%         3d3       100%        4
 Passage of Golubria      Tloc           N/A        N/A       100%        4
 Borgnjor's Vile Clutch   Necr/Erth      0%         N/A       100%        5
 Metabolic Englaciation   Hex/Ice        0%         N/A       100%        5
 Yara's Violent Unravell  Hex/Tmut       0%         3d3       100%        5
 Death Channel            Necr           0%         N/A       100%        6
 Simulacrum               Ice/Necr       0%         N/A       100%        6
 Ozocubu's Refrigeration  Ice            0%         4d5       100%        7
 Disjunction              Tloc           0%         N/A       100%        8
 Swiftness                Air            Unusable   N/A       N/A         3

Dungeon Overview and Level Annotations

Branches:
Dungeon (12/15)            Temple (1/1) D:4            Lair (6/6) D:9
  Swamp (0/4) Lair:4       Spider (0/4) Lair:2        Slime (0/5) Lair:6
    Orc (0/2) D:12

Altars:
Dithmenos
Fedhas
Kikubaaqudgha
Nemelex Xobeh
Uskayaw
Jiyva

Portals:
Trove: D:10 (give horn of Geryon)

Annotations:
Lair:1 3 runed translucent doors, exclusions: 3 doors and 2 oklob plants, barney's ghost, journeyman DrTm
Lair:6 1 runed translucent door, exclusion: door
Abyss:1 Fannar


Innate Abilities, Weirdness & Mutations

You cannot be hasted, slowed, berserked, paralysed or teleported.
You can dig through walls and to a lower floor.
You have a pair of large antennae on your head. (SInv)
Your four strong arms can wield two-handed weapons with a shield.


Message History

The wolf barely misses you.
You miss the wolf. You block the wolf's attack. The wolf barely misses you.
You slice the wolf!! You freeze the wolf!
You kill the wolf!
Lugonu accepts your kill.
You hear a shout!
You start resting.
A spriggan rider comes into view. It is wielding a +2 vorpal spear.
The spriggan rider barely misses you.
You closely miss the spriggan rider. You block the spriggan rider's attack.
You closely miss the spriggan rider. You block the spriggan rider's attack.
The spriggan rider hits you with a +2 vorpal spear.
* * * LOW HITPOINT WARNING * * *
x2 The spriggan rider blocks your attack.
You block the spriggan rider's attack. The spriggan rider blocks your attack.
You block the spriggan rider's attack.
The spriggan rider hits you but does no damage.
The spriggan rider blocks your attack.
The spriggan rider hits you but does no damage.
The spriggan rider blocks your attack.
You block the spriggan rider's attack. x2
Press: ? - help, Shift-Dir - straight line, f - spriggan rider
Aim: a spriggan rider, wielding a +2 vorpal spear and wearing a +0 buckler (chance to affect: 26%)
The spriggan rider easily resists.
You block the spriggan rider's attack.
Unknown command.
Press: ? - help, Shift-Dir - straight line, f/p - spriggan rider
Aim: a spriggan rider, wielding a +2 vorpal spear and wearing a +0 buckler (chance to affect: 26%)
The spriggan rider easily resists.
You block the spriggan rider's attack.
Press: ? - help, Shift-Dir - straight line, f/p - spriggan rider
Aim: a spriggan rider, wielding a +2 vorpal spear and wearing a +0 buckler (chance to affect: 26%)
Okay, then.
The spriggan rider blocks your attack. You block the spriggan rider's attack.
You closely miss the spriggan rider.
You block the spriggan rider's attack. x2
You barely miss the spriggan rider.
The spriggan rider hits you with a +2 vorpal spear!!
* * * LOW HITPOINT WARNING * * *
x2 You slice the spriggan rider!!
You freeze the spriggan rider.
The spriggan rider is heavily wounded.
You block the spriggan rider's attack.
The spriggan rider hits you with a +2 vorpal spear!
* * * LOW HITPOINT WARNING * * *
You die...

..<............#
...............##♣♣
................#.♣♣
............###....#
..........##.# #...#♣ {
.........##..# #.#..♣♣
{ h...
..#.........####..i..♣
{ {....
.............##i##†..♣
♣Y.i
.###........####@#...♣♣
... #...........#
####...♣ .g
.....#..#)### ##.♣♣
♣♣.♣ ......##.## #♣(♣♣
♣..♣ #...[.#### ##♣#
♣..♣ ♣♣..♣ ....#.###
#####..♣ ♣♣(♣♣♣..♣♣
#...##†.###......♣
♣)♣♣..♣♣
..##.....P#......♣
♣.....♣
..###.#..........♣
♣....♣♣


You could see a spriggan rider.

Vanquished Creatures
  Gastronok (Lair:2)
  2 hydras
  A boulder beetle (Lair:3)
  Erolcha (D:11)
  A two-headed ogre (D:8)
  3 death yaks (Lair:4)
  Sonja (Lair:4)
  A wizard (D:9)
  2 ugly things (D:11)
  16 elephants
  11 cane toads
  2 black mambas
  A gargoyle (D:11)
  A torpor snail (Lair:5)
  A kobold demonologist (D:11)
  5 rime drakes
  Maggie (Lair:2)
  2 unseen horrors (D:12)
  7 komodo dragons
  6 polar bears
  2 trolls
  3 hornets (Lair:6)
  Prince Ribbit (D:5)
  3 jumping spiders (Lair:2)
  12 blink frogs
  7 dream sheep
  A meliai zombie (D:10)
  4 large abominations (D:9)
  5 redbacks (Lair:2)
  35 yaks
  2 shadows (D:12)
  7 small abominations
  6 spriggans (Lair:6)
  10 wyverns
  A wraith (D:12)
  4 basilisks
  4 vampire mosquitoes (D:12)
  3 steam dragons
  12 water moccasins
  5 orc warriors
  An ice beast (D:6)
  3 sky beasts
  2 necrophages
  5 black bears
  4 ogres
  29 wolves
  3 boggarts (Lair:6)
  5 centaurs
  A phantom (D:5)
  2 kobold brigands (D:11)
  8 bullfrogs
  A wyvern zombie (D:8)
  4 scorpions
  A water moccasin skeleton (D:4)
  A vampire bat (D:4)
  4 killer bees (D:9)
  14 wights
  5 howler monkeys
  A bullfrog zombie (D:5)
  5 centaur zombies
  7 hounds
  A bullfrog skeleton (D:7)
  4 jellies
  8 orc priests
  A centaur skeleton (D:4)
  8 iguanas
  4 hell rats
  8 orc wizards
  2 killer bee zombies
  2 howler monkey zombies (D:8)
  4 adders
  2 shadow imps
  2 adder skeletons (D:4)
  3 worms
  A dart slug (D:3)
  36 orcs
  6 endoplasms
  A giant cockroach (D:1)
  11 goblins
  15 hobgoblins
  2 jackals (D:2)
  15 kobolds
  4 quokkas
  7 ball pythons
  15 bats
  3 frilled lizards
  A quokka skeleton (D:4)
  3 rats
468 creatures vanquished.

Vanquished Creatures (collateral kills)
  A water moccasin (Lair:5)
1 creature vanquished.

Vanquished Creatures (others)
  A kobold (D:11)
  A bush (Lair:4)
  50 fungi
  52 plants
104 creatures vanquished.

Grand Total: 573 creatures vanquished

Notes
Turn   | Place    | Note
-------+----------+-------------------------------------------
     0 | Abyss:1  | belegose the Formicid Abyssal Knight began the quest for
                  | the Orb.
     0 | Abyss:1  | Reached XP level 1. HP: 18/18 MP: 2/2
    25 | Abyss:1  | Noticed an orange demon
    26 | D:1      | Escaped the Abyss
   312 | D:1      | Reached * piety under Lugonu
   351 | D:1      | Reached XP level 2. HP: 20/24 MP: 3/3
  1052 | D:1      | Reached XP level 3. HP: 29/29 MP: 4/4
  2007 | D:2      | Reached XP level 4. HP: 33/37 MP: 6/6
  2111 | D:2      | Reached ** piety under Lugonu
  2631 | D:2      | Reached skill level 1 in Throwing
  3323 | D:3      | Reached skill level 4 in Fighting
  3346 | D:3      | Reached XP level 5. HP: 29/42 MP: 7/7
  4344 | D:4      | Found a staircase to the Ecumenical Temple.
  4422 | D:4      | Reached XP level 6. HP: 40/48 MP: 8/8
  4649 | D:4      | Noticed a necrophage
  4836 | D:3      | Killed a necrophage
  4984 | D:3      | Reached skill level 1 in Evocations
  5582 | D:4      | Reached XP level 7. HP: 52/55 MP: 10/10
  6117 | D:4      | Reached *** piety under Lugonu
  7494 | D:4      | Reached skill level 5 in Fighting
  7849 | D:4      | Reached XP level 8. HP: 4/62 MP: 8/11
  8256 | D:5      | Entered Level 5 of the Dungeon
  8405 | Temple   | Entered the Ecumenical Temple
  8546 | D:5      | Reached skill level 5 in Invocations
  9201 | D:5      | Reached skill level 5 in Armour
  9642 | D:6      | Noticed Prince Ribbit
 10079 | D:6      | Reached XP level 9. HP: 64/69 MP: 13/13
 10208 | D:5      | Killed Prince Ribbit
 10209 | D:5      | Reached skill level 5 in Axes
 10261 | D:6      | Found a shadowy altar of Dithmenos.
 10468 | D:6      | Reached skill level 6 in Fighting
 11270 | D:6      | Reached skill level 1 in Shields
 13219 | D:7      | Reached XP level 10. HP: 47/74 MP: 15/15
 13600 | D:6      | Reached **** piety under Lugonu
 14122 | D:8      | Reached skill level 5 in Throwing
 14503 | D:8      | Reached skill level 5 in Evocations
 14881 | D:8      | Noticed a two-headed ogre
 14909 | D:8      | Killed a two-headed ogre
 14910 | D:8      | Reached skill level 7 in Fighting
 16053 | D:9      | Found a staircase to the Lair.
 16410 | D:9      | Reached XP level 11. HP: 84/84 MP: 17/17
 16600 | D:9      | Noticed a large abomination
 16600 | D:9      | Noticed a wizard
 16645 | D:8      | Banished a large abomination
 17117 | D:9      | Killed a wizard
 17475 | D:10     | Entered Level 10 of the Dungeon
 17784 | D:10     | Found a portal to a secret trove of treasure.
 17875 | D:10     | Reached skill level 8 in Fighting
 19180 | D:9      | Identified the +1 robe "Cuahomots" {Regen+ Slay-3 Stlth+}
 20304 | D:11     | Noticed Fannar
 20345 | D:10     | Banished Fannar
 20516 | D:11     | Noticed a sun demon
 20519 | D:11     | Noticed a sun demon
 20638 | D:11     | Reached skill level 9 in Fighting
 20638 | D:11     | Reached skill level 10 in Invocations
 20872 | D:11     | Reached XP level 12. HP: 73/95 MP: 19/19
 21137 | D:11     | Noticed Erolcha
 21424 | D:11     | Cast into level 1 of the Abyss (Erolcha)
 21424 | Abyss:1  | Noticed a tentacled starspawn
 21425 | D:11     | Escaped the Abyss
 21432 | D:11     | Killed Erolcha
 22002 | D:12     | Found a staircase to the Orcish Mines.
 22209 | D:11     | Reached skill level 10 in Fighting
 23228 | Lair:1   | Entered Level 1 of the Lair of Beasts
 23436 | Lair:1   | Noticed barney's ghost (journeyman DrTm)
 23446 | Lair:1   | Found a runed translucent gate.
 23446 | Lair:1   | Found a runed translucent gate.
 23446 | Lair:1   | Found a runed translucent gate.
 23489 | Lair:1   | Noticed a seven-headed hydra
 23494 | Lair:1   | Banished a seven-headed hydra
 23563 | Lair:1   | Noticed a seven-headed hydra
 23564 | Lair:1   | Banished a seven-headed hydra
 24417 | Lair:1   | Found a blossoming altar of Fedhas.
 24682 | Lair:2   | You fall into a shaft and drop 2 floors!
 24730 | Lair:3   | Reached XP level 13. HP: 87/105 MP: 21/21
 24736 | Lair:3   | Reached skill level 11 in Fighting
 24915 | Lair:3   | Noticed an eight-headed hydra
 24919 | Lair:3   | Banished an eight-headed hydra
 25210 | Lair:2   | Noticed a four-headed hydra
 25212 | Lair:2   | Banished a four-headed hydra
 25758 | Lair:2   | Noticed Maggie
 26570 | Lair:2   | Killed Maggie
 26617 | Lair:2   | Noticed Gastronok
 26650 | Lair:2   | Killed Gastronok
 26651 | Lair:2   | Reached skill level 12 in Fighting
 26651 | Lair:2   | Reached skill level 10 in Armour
 26799 | Lair:2   | HP: 3/105 [rime drake/flash freeze (12)]
 27377 | Lair:2   | Found a hole to the Spider Nest.
 27534 | Lair:2   | HP: 5/108 [redback (4)]
 28105 | Lair:3   | Reached skill level 1 in Dodging
 28702 | Lair:3   | Noticed a boulder beetle
 28716 | Lair:3   | HP: 3/109 [boulder beetle (19)]
 28717 | Lair:3   | Killed a boulder beetle
 29741 | Lair:3   | Reached XP level 14. HP: 114/116 MP: 23/23
 30285 | Lair:4   | Noticed Sonja
 30294 | Lair:4   | Killed Sonja
 30741 | Lair:4   | Found a staircase to the Swamp.
 31123 | Lair:4   | Reached skill level 13 in Fighting
 31123 | Lair:4   | Reached skill level 10 in Evocations
 31899 | Lair:5   | Reached skill level 10 in Axes
 33745 | Lair:6   | Entered Level 6 of the Lair of Beasts
 33922 | Lair:5   | Reached skill level 10 in Throwing
 34120 | Lair:6   | Got Aklofur's Compendium of Orientation
 34586 | Lair:6   | Reached skill level 14 in Fighting
 35011 | Lair:6   | Found a viscous altar of Jiyva.
 35013 | Lair:6   | Found a runed translucent door.
 35016 | Lair:6   | Found a staircase to the Slime Pits.
 35057 | Lair:6   | Reached XP level 15. HP: 126/126 MP: 24/24
 35338 | Lair:5   | Reached ***** piety under Lugonu
 35735 | Lair:6   | Reached skill level 5 in Dodging
 35835 | Lair:6   | HP: 3/127 [spriggan rider (14)]
 35835 | Lair:6   | Slain by a spriggan rider

Illustrated notes

Levels and vault maps discovered:
D:1:      lightli_arrival_maybe_door_vault, layout_loops_ring, nrook_campfire,
          minmay_misc_feat_tower
D:2:      layout_basic, minmay_misc_feat_five
D:3:      layout_loops_cross
D:4:      layout_basic, minmay_temple_entry_statues_pillars, minivault_23,
          roderic_batcave
D:5:      layout_rooms
D:6:      layout_cave_pools, mainiacjoe_overflow_24_doors, uniq_prince_ribbit1
D:7:      layout_cave_pools
D:8:      layout_gridville, nrook_pool_corridor
D:9:      layout_layer_cave, erik_lair_island, laboratory
D:10:     minmay_weird_star, layout_irregular_city, enter_trove_3
D:11:     layout_rooms, uniq_erolcha, uniq_fannar
D:12:     layout_cave_pools, erik_orc_3
Temple:   grunt_wide_crystal_templ
Lair:1:   layout_regular_city, gammafunk_ghost_split, hangedman_tree_tricks
Lair:2:   layout_loops_ring, nicolae_spider_entry_tight_spaces, uniq_maggie,
          uniq_gastronok
Lair:3:   layout_long_grid, nzn_sisyphean_effort
Lair:4:   layout_regular_city, swamp_mist, infiniplex_staircase_pool, uniq_sonja
Lair:5:   layout_regular_city, grunt_megastairs_3, lemuel_fruit_tree
Lair:6:   minmay_lair_end_enchanted_forest, layout_layer_cave, slime_altar_2

Skill      XL: |  1  2  3  4  5  6  7  8  9 10 11 12 13 14 15 |
---------------+----------------------------------------------+-----
Throwing       | 1 2 3 4 5 7 8 9 10 | 10.2
Invocations    | 3 4 5 7 8 10 11 12 13 | 13.1
Fighting       | 4 5 6 7 9 10 12 14 | 14.4
Armour         | 3 4 5 7 8 9 10 | 10.1
Axes           | 3 4 5 6 7 8 9 10 | 10.7
Evocations     | 1 2 3 4 5 7 8 9 10 | 10.5
Shields        | 4 |  4.5
Dodging        | 2 4 5 |  5.0

Action                   |  1- 3 |  4- 6 |  7- 9 | 10-12 | 13-15 || total
-------------------------+-------+-------+-------+-------+-------++-------
Melee: Hand axe          |   113 |   228 |   443 |       |       ||   784
       Flail             |       |       |    47 |       |       ||    47
       Battleaxe         |       |       |    15 |   535 |   589 ||  1139
       Scimitar          |       |       |     9 |       |       ||     9
       War axe           |       |       |       |       |   136 ||   136
Throw: Dart              |       |       |    50 |     7 |    19 ||    76
       Boomerang         |       |       |     8 |    28 |     4 ||    40
Invok: Depart the Abyss  |     1 |       |       |     1 |       ||     2
       Bend Space        |       |       |     3 |       |     1 ||     4
       Banish            |       |       |       |    12 |     8 ||    20
 Abil: Dig               |       |       |       |     3 |     1 ||     4
Evoke: Wand              |       |       |     2 |     6 |     7 ||    15
       Phantom mirror    |       |       |       |       |     1 ||     1
       Condenser vane    |       |       |       |       |     1 ||     1
  Use: Scroll            |       |       |       |     8 |     5 ||    13
       Potion            |       |       |       |     2 |     2 ||     4
 Stab: Paralysed         |       |       |    12 |       |     5 ||    17
Armor: Leather armour    |    15 |       |       |       |       ||    15
       Plate armour      |    47 |   160 |   356 |   445 |   423 ||  1431
Dodge: Dodged            |    60 |    65 |   167 |   215 |   210 ||   717
Block: Buckler           |       |       |    20 |   179 |   345 ||   544
       Reflection        |       |       |       |       |     3 ||     3
       Tower shield      |       |       |       |       |   141 ||   141
